 Dungeon Crawl Stone Soup version 0.19.4-12-gccf7e64 (webtiles) character file.

6833 doot the Envoy of Void (level 10, -11/88 HPs)
             Began as a Purple Draconian Abyssal Knight on Feb 26, 2017.
             Was a High Priest of Lugonu.
             Killed from afar by a battlesphere (20 damage)
             ... created by a deep elf mage
             ... on level 10 of the Dungeon.
             The game lasted 00:38:03 (12952 turns).

doot the Envoy of Void (DrAK)                      Turns: 12952, Time: 00:38:03

Health: -11/88     AC: 12    Str: 15    XL:     10   Next: 77%
Magic:  0/16       EV: 16    Int: 15    God:    Lugonu [*****.]
Gold:   541        SH:  0    Dex: 14    Spells: 0 memorised, 9 levels left

rFire  . . .     SeeInvis +     y - +1 broad axe of Severance {chop, +Rage rC+ Int+3 Stlth+}
rCold  + + .     Gourm    .     (armour unavailable)
rNeg   . . .     Faith    .     (no shield)
rPois  .         Spirit   +     (helmet restricted)
rElec  +         Reflect  .     n - +0 cloak
rCorr  .         Harm     .     q - +2 pair of gloves
MR     +....     Rnd*Rage +     c - +0 pair of boots
Stlth  +++.......               k - amulet of guardian spirit
                                (no ring)
                                j - ring "Osask" {*Contam rElec rC+ SInv}

@: no status effects
A: breathe power, unfitting armour, berserk 1, cold-blooded, AC +7
a: Breathe Dispelling Energy, Depart the Abyss, Bend Space, Banish, Corrupt,
Enter the Abyss, Renounce Religion, Evoke Berserk Rage


You were on level 10 of the Dungeon.
You worshipped Lugonu.
Lugonu was extremely pleased with you.
You were not hungry.

You visited 2 branches of the dungeon, and saw 11 of its levels.
You visited the Abyss 1 time.
You also visited: Bailey.

You collected 541 gold pieces.

Inventory:

Hand Weapons
 a - a +1 mace
 p - a +1 dire flail of protection
 y - the +1 broad axe of Severance (weapon) {chop, +Rage rC+ Int+3 Stlth+}
   (You found it on level 8 of the Dungeon)

   It inflicts extra damage upon your enemies.
   It affects your intelligence (+3).
   It protects you from cold.
   It lets you go berserk.
   It makes you more stealthy.
Armour
 c - a +0 pair of boots (worn)
 i - a +0 pair of gloves
 n - a +0 cloak (worn)
 q - a +2 pair of gloves (worn)
Magical Staves
 G - an uncursed staff of cold
Jewellery
 j - the ring "Osask" (left hand) {*Contam rElec rC+ SInv}
   (You found it on level 5 of the Dungeon)

   [ring of see invisible]

   It protects you from cold.
   It insulates you from electricity.
   It lets you see invisible.
   It causes magical contamination when unequipped.
 k - an amulet of guardian spirit (around neck)
 s - a +3 ring of intelligence {unknown}
Wands
 w - a wand of iceblast (7/15)
Scrolls
 d - 8 scrolls of identify {unknown}
 g - 2 scrolls of teleportation {unknown}
 l - 2 scrolls of magic mapping
 m - 4 scrolls of remove curse
 o - 2 scrolls of noise
 v - a scroll of immolation {unknown}
 B - a scroll of random uselessness {unknown}
 C - a scroll of enchant weapon {unknown}
Potions
 e - a potion of berserk rage {unknown}
 f - a potion of degeneration
 r - a potion of brilliance
 t - a potion of curing
 u - a potion of might {unknown}
 x - a potion of cancellation {unknown}
 z - 3 potions of heal wounds {unknown}
 A - a potion of invisibility
Books
 E - a book of Necromancy

   Spells                             Type                      Level
   a - Pain                           Necromancy                   1
   b - Animate Skeleton               Necromancy                   1
   c - Vampiric Draining              Necromancy                   3
   d - Regeneration                   Charms/Necromancy            3
   e - Animate Dead                   Necromancy                   4
   f - Control Undead                 Necromancy                   4
 I - a book of Air

   Spells                             Type                      Level
   a - Shock                          Conjuration/Air              1
   b - Swiftness                      Charms/Air                   2
   c - Repel Missiles                 Charms/Air                   2
   d - Static Discharge               Conjuration/Air              3
   e - Lightning Bolt                 Conjuration/Air              5
Comestibles
 b - 8 bread rations
 h - 7 meat rations
 D - a slice of pizza
 F - 2 beef jerkies
 H - a chunk of flesh


   Skills:
 + Level 7.7 Fighting
 + Level 7.8(9.4) Axes
 + Level 8.0(9.5) Maces & Flails
 + Level 6.5 Dodging
 + Level 3.6 Stealth
 * Level 8.1 Invocations


You had 9 spell levels left.
You didn't know any spells.

Dungeon Overview and Level Annotations

Branches:
Dungeon (10/15)            Temple (1/1) D:6
   Lair: D:8-11         Orc: D:9-12

Altars:
Ashenzari
Cheibriados
Dithmenos
Elyvilon
Fedhas
Gozag
Hepliaklqana
Kikubaaqudgha
Makhleb
Nemelex Xobeh
Okawaru
Qazlal
Ru
Sif Muna
Trog
Uskayaw
Vehumet
Xom
Yredelemnul
Zin
The Shining One

Annotations:
Abyss:1 Grinder


Innate Abilities, Weirdness & Mutations

You can breathe bolts of dispelling energy.
Your rich purple scales are hard. (AC +7)
You cannot fit into any form of body armour.
You are cold-blooded and may be slowed by cold attacks.
You tend to lose your temper in combat.


Message History

The deep elf mage casts a spell at you. The orb of energy hits you!
* * * LOW HITPOINT WARNING * * *
The orb of energy explodes!
The battlesphere fires!
The barrage of energy hits you!
* * * LOW HITPOINT WARNING * * *
You don't have enough magic at the moment.
You barely miss the deep elf mage.
The deep elf mage is almost dead.
The deep elf mage hits you but does no damage.
You hit the deep elf mage.
The deep elf mage is almost dead.
The deep elf mage hits you with a rapier.
* * * LOW HITPOINT WARNING * * *
You feel better.
The deep elf mage gestures at you while chanting.
The magic dart hits you!
* * * LOW HITPOINT WARNING * * *
The battlesphere fires!
The barrage of energy hits you!
You die...

####.#.# #####.#.......#
#....#.###.....#.......##
'..............>........#
#.##.....(...)#.........#
#.##........†)#)........#
#.##..........#.#######.#
#.##.......####*###.....#
#.##.......# #.#.......#
#.########## #)@e......#
#.#### #######.........#
#..... .........##.##..#
...... ......#..#%%%#..#
###### #####....#%(%#..#
# ....#...#%§%#..# #
.....(..##### .# #
.........§. # .......e..


You could see a deep elf mage and a battlesphere.

Vanquished Creatures
  A cyclops (D:7)
  Prince Ribbit (D:7)
  A hippogriff (D:8)
  A spriggan (D:10)
  A human (D:10)
  8 yaks
  Edmund (D:3)
  3 ice beasts
  2 orc warriors
  A sky beast (D:6)
  A necrophage (D:10)
  5 ogres
  2 centaurs
  Blork the orc (D:5)
  2 big kobolds
  9 bullfrogs
  2 water moccasin skeletons
  5 killer bees
  A scorpion (D:6)
  6 howler monkeys
  4 crimson imps
  3 centaur zombies
  A bullfrog zombie (D:5)
  5 hounds
  7 orc priests
  Crazy Yiuf (D:5)
  2 jellies
  4 orc wizards
  A bullfrog skeleton (D:8)
  3 iguanas
  Natasha (twice) (D:4)
  5 worker ants
  A hound zombie (D:5)
  3 hound skeletons
  3 gnolls (D:9)
  20 adders
  3 oozes
  An adder zombie (D:7)
  2 adder skeletons
  4 worms
  A dart slug (D:2)
  8 leopard geckos
  41 orcs
  4 ball pythons
  3 bats
  6 giant cockroaches
  13 goblins
  6 hobgoblins
  15 jackals
  2 quokkas
  A frilled lizard (D:3)
  A giant cockroach zombie (D:5)
  18 kobolds
  2 leopard gecko skeletons
  A quokka skeleton (D:8)
  5 rats
256 creatures vanquished.

Vanquished Creatures (others)
  A wyvern zombie (D:10)
  A killer bee (D:7)
  2 worker ant zombies (D:10)
  A quokka skeleton (D:4)
5 creatures vanquished.

Grand Total: 261 creatures vanquished

Notes
Turn   | Place    | Note
-------+----------+-------------------------------------------
     0 | Abyss:1  | doot the Draconian Abyssal Knight began the quest for the Orb.
     0 | Abyss:1  | Reached XP level 1. HP: 19/19 MP: 2/2
    36 | D:1      | Escaped the Abyss
   147 | D:1      | Reached XP level 2. HP: 23/26 MP: 3/3
  1262 | D:2      | Reached ** piety under Lugonu
  1266 | D:2      | Reached XP level 3. HP: 28/33 MP: 4/4
  1443 | D:2      | Reached XP level 4. HP: 20/40 MP: 5/5
  2318 | D:3      | Reached XP level 5. HP: 47/47 MP: 6/6
  2607 | D:3      | Reached *** piety under Lugonu
  2978 | D:4      | Noticed Edmund
  3421 | D:4      | Reached skill level 1 in Stealth
  3729 | D:4      | Noticed Grinder
  3732 | D:4      | Paralysed by Grinder for 4 turns
  3737 | D:4      | Banished Grinder
  3737 | D:4      | Reached XP level 6. HP: 49/55 MP: 6/8
  3875 | D:5      | Entered Level 5 of the Dungeon
  3905 | D:5      | Got a fine gossamer ring
  3914 | D:5      | Identified the ring "Osask" {*Contam rElec rC+ SInv} (You found it on level 5 of the Dungeon)
  3925 | D:5      | Reached skill level 5 in Fighting
  4012 | D:5      | Noticed Blork the orc
  4037 | D:5      | Killed Blork the orc
  4037 | D:5      | Your scales start taking on a rich purple colour.
  4037 | D:5      | Reached XP level 7. HP: 48/61 MP: 7/9
  4106 | D:4      | Noticed Natasha
  4111 | D:4      | Killed Natasha
  4425 | D:4      | Noticed Natasha
  4439 | D:4      | Reached skill level 5 in Maces & Flails
  4440 | D:4      | Killed Natasha
  4500 | D:3      | Killed Edmund
  5041 | D:5      | Found a runed door.
  5522 | D:5      | Reached XP level 8. HP: 69/69 MP: 11/11
  5606 | D:5      | Noticed Crazy Yiuf
  5616 | D:5      | Killed Crazy Yiuf
  5739 | D:6      | Reached skill level 5 in Invocations
  6013 | D:6      | Found a staircase to the Ecumenical Temple.
  6022 | Temple   | Entered the Ecumenical Temple
  6290 | D:6      | Gained mutation: You tend to lose your temper in combat. [mutagenic meat]
  6655 | D:6      | You fall through a shaft for 2 floors!
  6815 | D:7      | Noticed Prince Ribbit
  6863 | D:7      | Killed Prince Ribbit
  6876 | D:7      | Noticed a cyclops
  7281 | D:8      | Reached XP level 9. HP: 54/75 MP: 9/13
  7297 | D:8      | Reached **** piety under Lugonu
  7425 | D:8      | Got a shimmering broad axe
  7426 | D:8      | Identified the +1 broad axe of Severance {chop, +Rage rC+ Int+3 Stlth+} (You found it on level 8 of the Dungeon)
  7540 | D:8      | Reached skill level 1 in Axes
  7581 | D:8      | Reached skill level 5 in Dodging
  8912 | D:7      | Killed a cyclops
  8912 | D:7      | Reached skill level 5 in Axes
  9918 | D:9      | Found a flagged portal.
  9936 | Bailey   | Entered a bailey
 10045 | Bailey   | Reached XP level 10. HP: 51/84 MP: 9/15
 10996 | D:9      | Found a bloodstained altar of Trog.
 11604 | D:9      | Reached ***** piety under Lugonu
 11758 | D:10     | Entered Level 10 of the Dungeon
 12255 | D:10     | Noticed a deep elf mage
 12952 | D:10     | Killed from afar by a battlesphere

Skill      XL: |  1  2  3  4  5  6  7  8  9 10 |
---------------+-------------------------------+-----
Fighting       | 4 5 6 7 |  7.7
Maces & Flails | 3 4 6 7 8 |  8.0
Dodging        | 3 4 5 6 |  6.5
Invocations    | 3 4 5 7 8 |  8.1
Stealth        | 1 2 3 |  3.6
Axes           | 5 7 |  7.8

Action                   |  1- 3 |  4- 6 |  7- 9 | 10-12 || total
-------------------------+-------+-------+-------+-------++-------
Melee: Mace              |   125 |   248 |    41 |       ||   414
       Tailslap          |     6 |    23 |    45 |    17 ||    91
       Dire flail        |       |       |   172 |       ||   172
       Broad axe         |       |       |   176 |   224 ||   400
Invok: Banish            |       |     2 |     1 |       ||     3
 Abil: Breathe Dispellin |       |       |    20 |    10 ||    30
Evoke: Wand              |       |       |     1 |       ||     1
  Use: Potion            |       |     5 |       |     2 ||     7
       Scroll            |       |       |     3 |       ||     3
 Stab: Sleeping          |     1 |     1 |     6 |     3 ||    11
  Eat: Chunk             |     2 |     9 |    17 |     6 ||    34
       Pizza             |       |       |     2 |       ||     2
       Meat ration       |       |       |     1 |     1 ||     2
Armor: Skin              |    53 |    93 |   169 |    77 ||   392
Dodge: Dodged            |   109 |   188 |   388 |   193 ||   878
